 Dungeon Crawl Stone Soup version 0.29-a0-284-gf9362112df (webtiles) character file.

Game seed: 17130995592977399093

5 spaghetti the Grave Robber (level 1, -1/10 HPs)
             Began as a Deep Elf Necromancer on Mar 20, 2022.
             Slain by a jackal (2 damage)
             ... on level 1 of the Dungeon.
             The game lasted 00:01:01 (183 turns).

spaghetti the Grave Robber (Deep Elf Necromancer)    Turns: 183, Time: 00:01:02

Health: -1/10      AC:  2    Str:  5    XL:     1   Next: 66%
Magic:  1/6        EV: 12    Int: 19    God:
Gold:   12         SH:  5    Dex: 15    Spells: 5/6 levels left

rFire   . . .      SeeInvis .   (no weapon)
rCold   . . .      Faith    .   (no shield)
rNeg    . . .      Spirit   .   a - +0 robe
rPois   .          Reflect  +   (no helmet)
rElec   .          Harm     .   (no cloak)
rCorr   .          Rampage  .   (no gloves)
Will    .....                   (no boots)
Stlth   ++........              e - amulet of reflection
HPRegen 0.03/turn               (no ring)
MPRegen 0.10/turn               (no ring)

@: no status effects
A: no striking features
a: no special abilities


You were on level 1 of the Dungeon.
You visited 1 branch of the dungeon, and saw 1 of its levels.

You collected 12 gold pieces.


   Skills:
 - Level 2.4 Dodging
 - Level 2.4 Stealth
 + Level 3.3 Spellcasting
 + Level 5.0 Necromancy


You had 5 spell levels left.
You knew the following spells:

 Your Spells              Type           Power      Damage    Failure   Level
a - Pain                  Necr           88%        1d8       1%          1

Your spell library contained the following spells:

 Spells                   Type           Power      Damage    Failure   Level
 Animate Skeleton         Necr           44%        N/A       1%          1
 Vampiric Draining        Necr           22%        2d7       5%          3
 Animate Dead             Necr           11%        N/A       19%         4
 Agony                    Necr           22%        N/A       45%         5

Inventory:

Hand Weapons
 d - a +0 whip {mace}
   (You took it off a kobold on level 1 of the Dungeon)
Armour
 a - a +0 robe (worn)
Jewellery
 e - an amulet of reflection (around neck)
   (You found it on level 1 of the Dungeon)
Scrolls
 c - a scroll of identify {@r1}
Potions
 b - a potion of magic

Dungeon Overview and Level Annotations

Branches:
Dungeon (1/15)

Altars:

Shops:
D:1

[! ######## #...hhh#
#h####.# ##### r####
#h####.######....
......##h#........#...#
#......h..##?..)#.#..##
#$##.##@####.#.#h..#..#
.. #.......#..∩..# #.#
#######..#...#...# #
#####...#.#).#..
#........#...# #
#.....####.###
#.#.....# .. #.#.....#
#.. #.#.....# ..#


You could see 4 jackals.


Message History

😕 MP[-1]
You lost 1 mp, and now have 4/6 mp.
c - a scroll of identify {@r1} 😎 HP[+1] MP[+2]
Your hp is fully restored (10).
Your mp is fully restored (6).
d - a +0 whip {mace} You see here a kobold corpse.
Found Duaq's Distillery.
e - an amulet of reflection You start putting on your amulet.
You continue putting on your amulet of reflection. x5
You finish putting on your amulet of reflection.
You feel a shielding aura gather around you.
e - an amulet of reflection (around neck) 2 jackals and a goblin come into view.
The jackal barks!
A jackal comes into view. x2
A kobold comes into view. It is wielding a +0 dagger.
The jackal moves out of view.
There are monsters nearby!
There are monsters nearby!
There is an entrance to Duaq's Distillery here.
Unknown command.
The kobold shouts!
The kobold writhes in agony. 😕 HP[-1] MP[-1]
You take 1 damage, and now have 9/10 hp.
You lost 1 mp, and now have 5/6 mp.
The kobold writhes in agony.
You kill the kobold!
The goblin shouts!
Your Necromancy skill increases to level 5! 😕 HP[-1] MP[-1]
You take 1 damage, and now have 8/10 hp.
You lost 1 mp, and now have 4/6 mp.
The goblin writhes in agony!
You kill the goblin! 😮 HP[-1] MP[-1]
You take 1 damage, and now have 7/10 hp.
You lost 1 mp, and now have 3/6 mp.
You are too injured to fight recklessly!
You are too injured to fight recklessly!
The jackal bites you but does no damage.
Things that are here:
a +0 club {mace}; a goblin corpse; 😕 HP[+1]
The jackal attacks as you move away! You block the jackal's attack.
The jackal barely misses you.
The jackal bites you but does no damage.
A hobgoblin comes into view.
The jackal barely misses you.
Aiming: Pain (safe; 1% risk of failure)
Press: ? - help, Q - select action Shift-Dir - straight line, f - jackal
Aim: a jackal (chance to affect: 91%)
You miscast Pain.
You are very lightly contaminated with residual magic.
Nothing appears to happen.
The jackal barely misses you.
Aiming: Pain (safe; 1% risk of failure)
Press: ? - help, Q - select action Shift-Dir - straight line, f/p - jackal
Aim: a jackal (chance to affect: 91%)
The jackal writhes in agony.
The jackal bites you. 😮 HP[-2] MP[-1]
You take 2 damage, and now have 6/10 hp.
You lost 1 mp, and now have 2/6 mp.
Aiming: Pain (safe; 1% risk of failure)
Press: ? - help, Q - select action Shift-Dir - straight line, f/p - jackal
Aim: a jackal (lightly wounded, chance to affect: 91%)
The jackal writhes in agony.
The jackal bites you but does no damage. 😨 HP[-1] MP[-1]
You take 1 damage, and now have 5/10 hp.
You lost 1 mp, and now have 1/6 mp.
Okay, then.
Aiming: Pain (safe; 1% risk of failure)
Press: ? - help, Q - select action Shift-Dir - straight line, f/p - jackal
Aim: a jackal (almost dead, chance to affect: 91%)
The jackal writhes in agony. 😨 HP[-1] MP[-1]
You take 1 damage, and now have 4/10 hp.
You lost 1 mp, and now have 0/6 mp.
The jackal attacks as you move away! You block the jackal's attack.
The jackal barely misses you. The jackal attacks as you move away!
The jackal misses you. The jackal attacks as you move away!
The jackal barely misses you.
Your magical contamination has completely faded away.
You aren't carrying any items that you can evoke.
Okay, then.
The jackal bites you but does no damage.
The jackal bites you but does no damage. 😨 MP[+1]
The jackal attacks as you move away! The jackal bites you.
* * * LOW HITPOINT WARNING * * *
A rat comes into view. 😱 HP[-3]
You take 3 damage, and now have 1/10 hp.
MASSIVE DAMAGE!! (PAUSE)
The jackal attacks as you move away! The jackal barely misses you.
The jackal bites you.
You die...

Skill      XL: |  1 |
---------------+----+-----
Necromancy     | 5 |  5.0
Dodging        | |  2.4
Stealth        | |  2.4
Spellcasting   | |  3.3

Action                   || total
-------------------------++-------
Melee: Unarmed           ||     4
 Cast: Pain              ||     8
  Use: Scroll            ||     1
Armor: Robe              ||     6
Dodge: Dodged            ||     8
Block: Other             ||     2

Levels and vault maps discovered:
D:1:      ldierk_walled_garden, layout_loops_cross, serial_shops,
          nicolae_shop_statue_plus, nicolae_diamond_shop, shop

Notes
Turn   | Place    | Note
-------+----------+-------------------------------------------
     0 | D:1      | spaghetti the Deep Elf Necromancer began the quest for the
                  | Orb.
     0 | D:1      | Reached XP level 1. HP: 10/10 MP: 6/6
     0 | D:1      | magus.rc [v1.9.6]
    18 | D:1      | Found Siruiko's Antique Armour Shoppe.
   144 | D:1      | Found Duaq's Distillery.
   164 | D:1      | Reached skill level 5 in Necromancy
   182 | D:1      | HP: 1/10 [jackal (3)]
   183 | D:1      | Slain by a jackal

Vanquished Creatures
  An endoplasm (D:1)
  A goblin (D:1)
  2 kobolds (D:1)
  A rat (D:1)
5 creatures vanquished.

Table legend:
 A = Non-vault XP
 B = Vault XP
 C = Vault XP percentage of total XP
 D = Non-vault monster count
 E = Vault monster count
 F = Vault count percentage of total count
                 A         B        C        D         E       F
            +---------+---------+-------+---------+---------+-------
      Total |       8 |       0 |   0.0 |       5 |       0 |   0.0
            +---------+---------+-------+---------+---------+-------
        D:1 |       8 |       0 |   0.0 |       5 |       0 |   0.0
            +---------+---------+-------+---------+---------+-------

Illustrated notes

Table legend:
 A = Kills in this place as a percentage of kills in entire the game.
 B = Kills by you in this place as a percentage of kills by you in the entire game.
 C = Kills by friends in this place as a percentage of kills by friends in the entire game.
 D = Other kills in this place as a percentage of other kills in the entire game.
 E = Experience gained in this place as a percentage of experience gained in the entire game.
 F = Experience gained in this place divided by the number of levels of this place that you have seen.
                   A       B       C       D       E      F
               +-------+-------+-------+-------+-------+----------------------
         Total | 100.0 | 100.0 |   N/A |   N/A | 100.0 |   8.0
       Dungeon | 100.0 | 100.0 |   N/A |   N/A | 100.0 |   8.0
               +-------+-------+-------+-------+-------+----------------------

Table legend: (Time is in decaauts)
 A = Elapsed time spent in this place.
 B = Non-inter-level travel time spent in this place.
 C = Inter-level travel time spent in this place.
 D = Time resting spent in this place.
 E = Time spent auto-exploring this place.
 F = Levels seen in this place.
 G = Mean time per level.
                   A        B        C        D        E       F      G
               +--------+--------+--------+--------+--------+-----+--------+
         Total |    183 |    183 |      0 |     33 |     95 |   1 |  183.0 |
       Dungeon |    183 |    183 |      0 |     33 |     95 |   1 |  183.0 |
               +--------+--------+--------+--------+--------+-----+--------+

Top non-repeatable levels by time:
     D:1: 183 daAuts
